 Dungeon Crawl Stone Soup version 0.30.1-11-g7821555f0a (webtiles) character file.

Game seed: 16433750687804193310

31 Jerry the Charlatan (level 2, 0/23 HPs)
             Began as a Demigod Artificer on Dec 12, 2023.
             Slain by an adder (1 damage)
             ... on level 2 of the Dungeon.
             The game lasted 00:02:31 (1003 turns).

Jerry the Charlatan (Demigod Artificer)             Turns: 1003, Time: 00:02:32

Health: 0/23       AC:  3    Str: 13    XL:     2   Next: 90%
Magic:  4/4        EV: 11    Int: 13    God:
Gold:   69         SH:  0    Dex: 14    Spells: 1/1 levels left

rFire   . . .        l - +0 whip
rCold   . . .        (no shield)
rNeg    . . .        b - +0 leather armour
rPois   .            (no helmet)
rElec   .            (no cloak)
rCorr   .            (no gloves)
SInv    .            (no boots)
Will    .....        (no amulet)
Stlth   +            (no ring)
HPRegen 0.23/turn    (no ring)
MPRegen 0.09/turn

%: no passive effects
@: no status effects
A: high MP 1, forlorn, divine attributes
a: no special abilities


You were on level 2 of the Dungeon.
You visited 1 branch of the dungeon, and saw 2 of its levels.

You collected 69 gold pieces.

Inventory:

Hand Weapons
 l - a +0 whip (weapon)
Armour
 b - a +0 leather armour (worn)
Wands
 c - a wand of flame (15) (quivered)
 d - a wand of charming (15)
 e - a wand of iceblast (5)
Scrolls
 h - 3 scrolls of enchant armour {unknown}
 i - a scroll of immolation {unknown}
 j - a scroll of poison {unknown}
 k - 2 scrolls of teleportation {unknown}
Potions
 a - a potion of ambrosia {unknown}
 f - 2 potions of curing {unknown}
 g - a potion of berserk rage {unknown}


   Skills:
 + Level 1.3 Fighting
 * Level 1.3 Maces & Flails
 + Level 2.1 Armour
 - Level 1.1 Dodging
 - Level 0.8 Stealth
 + Level 2.9 Evocations


You had one spell level left.
You didn't know any spells.
Your spell library was empty.

Dungeon Overview and Level Annotations

Branches:
Dungeon (2/15)


Innate Abilities, Weirdness & Mutations

You have an increased reservoir of magic. (+10% MP)
You shall have no god before yourself.
Your divine heritage dramatically boosts your attributes as you level up.


Message History

You miss the adder.
The adder is heavily wounded.
The adder barely misses you.
You barely miss the adder.
The adder is heavily wounded.
The adder barely misses you.
You completely miss the adder.
The adder is heavily wounded.
The adder barely misses you. The adder bites you but does no damage.
You barely miss the adder.
The adder is heavily wounded.
The adder bites you.
You are poisoned.
The adder poisons you!
You hit the adder.
The adder is severely wounded.
You feel sick.
An endoplasm comes into view.
The adder barely misses you.
You miss the adder.
The adder is severely wounded.
You feel sick. The adder bites you.
* * * LOW HITPOINT WARNING * * *
The adder bites you.
* * * LOW HITPOINT WARNING * * *
You completely miss the adder.
The adder is severely wounded.
You feel sick.
You are no longer poisoned.
The adder bites you but does no damage.
The endoplasm quivers.
You hit the adder.
The adder is almost dead.
The adder barely misses you.
You closely miss the adder.
The adder is almost dead.
The adder bites you.
* * * LOW HITPOINT WARNING * * *
The adder bites you.
You die...

##+## ##...##
##.....##
##.......##
.####$........#
..............+
..J...........#
#.S@.....#
#.#.....## ..
##..<## ##
##+##


You could see an adder and an endoplasm.

Vanquished Creatures
  3 dart slugs (D:1)
  4 ball pythons (D:1)
  A bat (D:1)
  2 giant cockroaches (D:1)
  3 goblins (D:1)
  5 hobgoblins (D:1)
  2 kobolds (D:1)
  2 frilled lizards (D:1)
22 creatures vanquished.

Notes
Turn   | Place    | Note
-------+----------+-------------------------------------------
     0 | D:1      | Jerry the Demigod Artificer began the quest for the Orb.
     0 | D:1      | Reached XP level 1. HP: 15/15 MP: 3/3
    78 | D:1      | Reached skill level 1 in Dodging
    89 | D:1      | Reached skill level 1 in Fighting
   194 | D:1      | Reached XP level 2. HP: 23/23 MP: 4/4
   260 | D:1      | Reached skill level 1 in Maces & Flails
  1003 | D:2      | HP: 1/23 [adder (1)]
  1003 | D:2      | Slain by an adder

Illustrated notes

Levels and vault maps discovered:
D:1:      sevenhm_arrival_forest_fort_small_5, layout_loops_ring
D:2:      layout_loops_corners

Skill      XL: |  1  2 |
---------------+-------+-----
Dodging        | 1 |  1.1
Fighting       | 1 |  1.3
Maces & Flails | 1 |  1.3
Armour         | 2 |  2.1
Stealth        | |  0.8
Evocations     | |  2.9

Action                     || total
---------------------------++-------
  Melee: Club              ||    79
         Whip              ||    51
         Punch             ||     4
   Stab: Sleeping          ||     3
 Armour: Leather armour    ||    37
  Dodge: Dodged            ||    76
